 Dungeon Sprint DCSS version 0.28.0 (webtiles) character file.

Game seed: 11578119450155583742

1068 boopmooplesden the Blocker (level 8, 0/83 HPs)
             Began as a Minotaur Fighter on Feb 14, 2022.
             Slain by a polar bear (3 damage)
             ... in the Dungeon (Sprint II: "The Violet Keep of Menkaure").
             The game lasted 00:03:22 (507 turns).

boopmooplesden the Blocker (Minotaur Fighter)        Turns: 507, Time: 00:03:23

Health: 0/83       AC: 18    Str: 29    XL:     8   Next: 7%
Magic:  7/7        EV:  9    Int:  5    God:
Gold:   136        SH:  6    Dex:  9    Spells: 7/7 levels left

rFire   . . .      SeeInvis .   a - +0 war axe
rCold   . . .      Faith    .   c - +0 buckler
rNeg    . . .      Spirit   .   f - +1 chain mail "Doqocw" {rElec Str+5}
rPois   .          Reflect  .   (helmet restricted)
rElec   +          Harm     .   d - +2 cloak {rCorr}
rCorr   +          Rampage  .   (no gloves)
Will    .....      NoTele   +   k - +0 pair of boots
Stlth   ..........              (no amulet)
HPRegen 0.23/turn               (no ring)
MPRegen 0.10/turn               (no ring)

@: on berserk cooldown, hasted and slowed
A: horns 2, retaliatory headbutt
a: no special abilities


You were in the Dungeon.
You visited 1 branch You collected 729 gold pieces.
You spent 593 gold pieces at shops.

Inventory:

Hand Weapons
 a - a +0 war axe (weapon)
Armour
 c - a +0 buckler (worn)
 d - a +2 cloak of preservation (worn)
 f - the +1 chain mail "Doqocw" (worn) {rElec Str+5}
   (You bought it in a shop in the Dungeon)

   Str:       It affects your strength (+5).
   rElec:     It insulates you from electricity.
 k - a +0 pair of boots (worn)
Scrolls
 j - a scroll of blinking
Potions
 e - a potion of curing
 h - 2 potions of magic


   Skills:
 + Level 11.7 Fighting
 + Level 9.1 Axes
 + Level 11.6 Armour
 + Level 1.1 Dodging
 + Level 11.7 Shields


You had 7 spell levels left.
You didn't know any spells.
Your spell library was empty.

Dungeon Overview and Level Annotations

Branches:
Dungeon (1/1)

Altars:
Cheibriados
Dithmenos
Elyvilon
Fedhas
Gozag
Hepliaklqana
Kikubaaqudgha
Makhleb
Nemelex Xobeh
Okawaru
Qazlal
Ru
Sif Muna
Trog
Uskayaw
Vehumet
Wu Jian
Xom
Yredelemnul
Zin
The Shining One
Beogh
Jiyva
Lugonu

Shops:
D :=:=(*=*[:?!!([

Annotations:
D exclusions: ice statue and oklob plant


Innate Abilities, Weirdness & Mutations

You have a pair of horns on your head.
You reflexively headbutt those who attack you in melee.


Message History

The polar bear is heavily wounded.
You hit the polar bear but do no damage.
You closely miss the polar bear. The polar bear barely misses you.
You furiously retaliate!
You headbutt the polar bear, but do no damage.
The polar bear claws you but does no damage.
The polar bear claws you. The polar bear barely misses you.
You furiously retaliate!
You headbutt the polar bear! You block the polar bear's attack.
The polar bear claws you but does no damage.
The polar bear misses you.
The polar bear claws you but does no damage. x2
You block the polar bear's attack.
The polar bear claws you but does no damage. x2
You hit the polar bear but do no damage.
The polar bear is almost dead.
You closely miss the polar bear. You hit the polar bear.
The polar bear bites you but does no damage.
The polar bear claws you but does no damage.
The polar bear barely misses you. The polar bear bites you!
The polar bear claws you but does no damage.
You block the polar bear's attack. The polar bear barely misses you.
The polar bear claws you but does no damage.
You block the polar bear's attack.
You slash the polar bear!
The polar bear is almost dead.
You hit the polar bear. You barely miss the polar bear.
The polar bear bites you!!
* * * LOW HITPOINT WARNING * * *
You block the polar bear's attack. The polar bear claws you.
* * * LOW HITPOINT WARNING * * *
The polar bear goes berserk!
You block the polar bear's attack.
The polar bear claws you but does no damage.
The polar bear closely misses you. The polar bear barely misses you. x2
The polar bear closely misses you.
You hit the polar bear.
The polar bear is almost dead.
You hit the polar bear but do no damage.
You slash the polar bear! The polar bear bites you.
You die...

#†# #..## #..# .# #†#
.##..# +..# .# (?
#.##B..#..# #..# .# $((
.<.+# +..### ^.##.#▓[)!
#.##B.$#....###...##▓▓▓▓
#†## .##.....§≈≈≈≈≈≈≈≈≈≈
.#.####≈≈...§§≈#c#######
.#..#≈≈§≈§≈≈..≈#hh_._._.
...##≈≈§≈§§≈≈§§#@h._._..
#+##≈≈≈§≈§≈≈§≈≈#_._._._.
≈≈≈≈≈≈§≈§≈§§≈≈≈#._._._._
+#+++#§≈§≈§§≈§≈#.._._._.
.°.. ##≈≈≈###≈≈#..._._._
......##≈≈# #≈§#...._._.
°8.....+≈≈# #≈≈#....._._
......## ≈§ ≈§§#########
°○...## ##


You could see 3 polar bears and a yaktaur.

Vanquished Creatures
  A hornet (D)
  2 water moccasins (D)
  4 necrophages (D)
  5 scorpions (D)
  3 worms (D)
15 creatures vanquished.

Vanquished Creatures (others)
  Menkaure (D)
1 creature vanquished.

Grand Total: 16 creatures vanquished

Notes
Turn   | Place    | Note
-------+----------+-------------------------------------------
     0 | D        | boopmooplesden the Minotaur Fighter began the quest for the
                  | Orb.
     0 | D        | Reached XP level 1. HP: 19/19 MP: 0/0
     1 | D        | Noticed a boulder beetle
     1 | D        | Noticed a boulder beetle
     4 | D        | Noticed a necrophage
     4 | D        | Noticed a necrophage
     4 | D        | Noticed a necrophage
     4 | D        | Noticed a necrophage
     9 | D        | Killed a necrophage
    10 | D        | Reached XP level 2. HP: 31/31 MP: 1/1
    10 | D        | Reached XP level 3. HP: 38/38 MP: 2/2
    10 | D        | Reached XP level 4. HP: 45/45 MP: 3/3
    10 | D        | Killed a necrophage
    11 | D        | Reached XP level 5. HP: 52/53 MP: 4/4
    15 | D        | Killed a necrophage
    16 | D        | Reached skill level 5 in Axes
    18 | D        | Killed a necrophage
    19 | D        | Reached XP level 6. HP: 61/64 MP: 5/5
    34 | D        | Reached skill level 10 in Fighting
    36 | D        | Reached skill level 10 in Armour
    36 | D        | Reached skill level 10 in Shields
    42 | D        | Reached XP level 7. HP: 60/73 MP: 6/6
    53 | D        | Killed Menkaure
   138 | D        | Found Leten's Antique Armour Shop.
   138 | D        | Found Buorudd's Distillery.
   138 | D        | Found Coah's Magic Scroll Shop.
   138 | D        | Found Coezxos's Assorted Antiques.
   138 | D        | Found Xuad Hue's Book Shop.
   138 | D        | Found Erass's Jewellery Boutique.
   139 | D        | Found Hazeajan's General Store.
   139 | D        | Found Hitial's Antique Weapon Shop.
   139 | D        | Found Leclich's Jewellery Boutique.
   139 | D        | Found Pukoa's Distillery.
   154 | D        | Found Miabue's Antique Weapon Boutique.
   154 | D        | Found Atra Qowk's Antique Armour Shop.
   154 | D        | Found Paniuxuej's Book Shop.
   154 | D        | Found Toliwupt's Jewellery Boutique.
   154 | D        | Noticed a cane toad
   154 | D        | Noticed a cane toad
   351 | D        | Noticed an oklob plant
   351 | D        | Noticed a great orb of eyes
   352 | D        | Found Dysay's Book Shoppe.
   354 | D        | Bought a runed cloak for 202 gold pieces
   354 | D        | Bought a warped chain mail for 256 gold pieces
   354 | D        | Identified the +1 chain mail "Doqocw" {rElec Str+5} (You
                  | bought it in a shop in the Dungeon)
   376 | D        | Noticed an iron elemental
   392 | D        | Bought a pair of boots for 135 gold pieces
   413 | D        | Noticed an ice statue
   426 | D        | Found a hazy altar of Hepliaklqana.
   426 | D        | Found a snail-covered altar of Cheibriados.
   427 | D        | Found a stormy altar of Qazlal.
   427 | D        | Found a viscous altar of Jiyva.
   427 | D        | Found a shadowy altar of Dithmenos.
   428 | D        | Found a sacrificial altar of Ru.
   428 | D        | Found an ancient bone altar of Kikubaaqudgha.
   428 | D        | Found a white marble altar of Elyvilon.
   429 | D        | Found an ornate altar of the Wu Jian Council.
   429 | D        | Found a shimmering blue altar of Sif Muna.
   429 | D        | Found a corrupted altar of Lugonu.
   429 | D        | Found a blossoming altar of Fedhas.
   448 | D        | Found a shimmering altar of Xom.
   448 | D        | Found a bloodstained altar of Trog.
   448 | D        | Found a burning altar of Makhleb.
   475 | D        | Found a glowing golden altar of the Shining One.
   475 | D        | Found a basalt altar of Yredelemnul.
   475 | D        | Found a hide-covered altar of Uskayaw.
   477 | D        | Found a glowing silver altar of Zin.
   477 | D        | Found a radiant altar of Vehumet.
   477 | D        | Found a sparkling altar of Nemelex Xobeh.
   477 | D        | Noticed a hornet
   477 | D        | Noticed a polar bear
   477 | D        | Noticed a polar bear
   477 | D        | Noticed a polar bear
   478 | D        | Found an opulent altar of Gozag.
   478 | D        | Found an iron altar of Okawaru.
   478 | D        | Noticed a yaktaur
   495 | D        | Killed a hornet
   496 | D        | Reached skill level 1 in Dodging
   496 | D        | Reached XP level 8. HP: 83/83 MP: 7/7
   506 | D        | HP: 3/83 [polar bear (2)]
   507 | D        | Slain by a polar bear

Illustrated notes

Levels and vault maps discovered:
D:        the_violet_keep_of_menkaure [sprint2_stairs_cluster_1,
          sprint2_shoproom, sprint2_temple, sprint2_basic_supplies,
          sprint2_obstacle_2, sprint2_obstacle_1, sprint2_obstacle_3,
          sprint2_obstacle_5, sprint2_obstacle_4, sprint2_timed_cluster_1,
          sprint2_smallroom_cluster_1, sprint2_smallroom_final_cluster_1,
          sprint2_transparent_cluster_1, sprint2_second_timed_cluster_1,
          sprint2_sniper_area_1, sprint2_heavy_combat_area_1,
          sprint2_mutation_trap_area_1, sprint2_forest_area_1,
          sprint2_light_combat_area_1, sprint2_behind_water_1,
          sprint2_near_end_vault_1]

Skill      XL: |  1  2  3  4  5  6  7 |
---------------+----------------------+-----
Fighting       | 6 8 9 10 11 | 11.7
Axes           | 4 6 9 |  9.1
Armour         | 6 8 9 10 11 | 11.6
Shields        | 6 7 9 10 11 | 11.7
Dodging        | 1 |  1.1

Action                   |  1- 3 |  4- 6 |  7- 9 || total
-------------------------+-------+-------+-------++-------
Melee: War axe           |     4 |    16 |    48 ||    68
       Headbutt          |       |     2 |     8 ||    10
  Use: Potion            |     1 |       |     3 ||     4
Armor: Scale mail        |     1 |     2 |     8 ||    11
       Chain mail        |       |       |    32 ||    32
Dodge: Dodged            |     2 |     7 |    39 ||    48
Block: Buckler           |     1 |     4 |    28 ||    33
